| TOP OF THE 1ST |
|
Fresno State University Bulldogs batting - Pitching for UCLA Bruins : LHP Joe Landgraff
|
|
Pitching: LHP Joe Landgraff
|
|
|
Batting: RHB Jaquan Brown
|
0-0: Ball 1-0: Ball 2-0: Foul Ball, location: 2F 2-1: Ball 3-1: Called Strike 3-2: Foul Ball, location: 2F 3-2: Strikes out looking
|
|
Batting: RHB Dou-wan Pan
|
0-0: DOUBLE (Line Drive, 89XD, EV 111.2 MPH)
|
|
Batting: RHB Homer Petropoulos
|
0-0: Called Strike 0-1: Called Strike 0-2: Ball 1-2: Foul Ball, location: 2F 1-2: Ball 2-2: Hit by Pitch
|
|
Batting: RHB Adam Angeles
|
0-0: Ball 1-0: Ball 2-0: Ball 3-0: Called Strike 3-1: Called Strike 3-2: Base on Balls Dou-wan Pan to third Homer Petropoulos to second
|
|
Batting: LHB Chris Viehman
|
0-0: Ball 1-0: Fielders Choice at 2nd, 5-4 (Groundball, 56, EV 102.5 MPH) Dou-wan Pan scores Homer Petropoulos to third
|
|
Batting: LHB Kevin Feldman
|
0-0: Ball 1-0: Ball 2-0: Ball 3-0: Called Strike 3-1: Called Strike 3-2: Strikes out swinging
|
| Top of the 1st over - 1 run, 1 hit, 0 errors, 2 left on base; Fresno State University 1 - UCLA 0 |
| BOTTOM OF THE 1ST |
|
UCLA Bruins batting - Pitching for Fresno State University Bulldogs : RHP Manny Ojeda
|
|
Pitching: RHP Manny Ojeda
|
|
|
Batting: RHB Hidesuke Yoshida
|
0-0: Ball 1-0: SINGLE (Flyball, 34D, EV 89.4 MPH)
|
|
Batting: RHB Benedikt Fleischmann
|
0-0: Called Strike 0-1: Ball 1-1: Foul Ball, location: 2F 1-2: Strikes out swinging
|
|
Batting: RHB Juan Carrillo
|
0-0: Ball 1-0: Foul Ball, location: 2F 1-1: Swinging Strike 1-2: Foul Ball, location: 2F 1-2: Fielders Choice at 2nd, 6-4 (Groundball, 6, EV 92.5 MPH)
|
|
Batting: RHB Xavier Reeves
|
0-0: Ball 1-0: Ball Juan Carrillo steals 2nd base 2-0: Ball 3-0: Called Strike 3-1: Swinging Strike 3-2: SINGLE (Line Drive, 4D, EV 98.1 MPH) Juan Carrillo to third Runner from 3rd tries for Home, throw by RF and OUT! 9-2
|
| Bottom of the 1st over - 0 runs, 2 hits, 0 errors, 1 left on base; Fresno State University 1 - UCLA 0 |
| TOP OF THE 2ND |
|
Fresno State University Bulldogs batting - Pitching for UCLA Bruins : LHP Joe Landgraff
|
|
Batting: SHB Mike Fermin
|
0-0: Called Strike 0-1: Foul Ball, location: 2F 0-2: Ball 1-2: Ground out 5-3 (Groundball, 56D, EV 81.9 MPH)
|
|
Batting: RHB Javier Brizuela
|
0-0: SINGLE (Line Drive, 78S, EV 96.9 MPH)
|
|
Batting: LHB Troy Jones
|
0-0: Called Strike Javier Brizuela is caught stealing 2nd base 2-6 0-1: Foul Ball, location: 2F 0-2: Strikes out swinging
|
| Top of the 2nd over - 0 runs, 1 hit, 0 errors, 0 left on base; Fresno State University 1 - UCLA 0 |
| BOTTOM OF THE 2ND |
|
UCLA Bruins batting - Pitching for Fresno State University Bulldogs : RHP Manny Ojeda
|
|
Batting: RHB Angel Melendez
|
0-0: Foul Ball, location: 2F 0-1: Ball 1-1: Ball 2-1: Ground out 4-3 (Groundball, 4, EV 85.6 MPH)
|
|
Batting: RHB Issac Konol
|
0-0: Ground out 5-3 (Groundball, 5, EV 82.5 MPH)
|
|
Batting: RHB Roman Lauder
|
0-0: Ball 1-0: Ball 2-0: Foul Ball, location: 2F 2-1: Ball 3-1: Called Strike 3-2: Ground out U3 (Groundball, 3S, EV 92.5 MPH)
|
| Bottom of the 2nd over - 0 runs, 0 hits, 0 errors, 0 left on base; Fresno State University 1 - UCLA 0 |
| TOP OF THE 3RD |
|
Fresno State University Bulldogs batting - Pitching for UCLA Bruins : LHP Joe Landgraff
|
|
Batting: RHB Jaquan Brown
|
0-0: Swinging Strike 0-1: Ground out 4-3 (Groundball, 4, EV 105.6 MPH)
|
|
Batting: RHB Dou-wan Pan
|
0-0: Called Strike 0-1: Foul Ball, location: 2F 0-2: Strikes out looking
|
|
Batting: RHB Homer Petropoulos
|
0-0: Ground out 6-3 (Groundball, 6S, EV 65.6 MPH)
|
| Top of the 3rd over - 0 runs, 0 hits, 0 errors, 0 left on base; Fresno State University 1 - UCLA 0 |
| BOTTOM OF THE 3RD |
|
UCLA Bruins batting - Pitching for Fresno State University Bulldogs : RHP Manny Ojeda
|
|
Batting: RHB Carlos Murillo
|
0-0: Called Strike 0-1: Called Strike 0-2: Ball 1-2: Foul Ball, location: 2F 1-2: Ball 2-2: Ball 3-2: Foul Ball, location: 2F 3-2: DOUBLE (Line Drive, 7LD, EV 102.5 MPH)
|
|
Batting: LHB Bill Helmer
|
0-0: Ball 1-0: Foul Ball, location: 2F 1-1: Ball 2-1: Ball 3-1: Ball
|
|
Batting: RHB Hidesuke Yoshida
|
0-0: Foul Ball, location: 2F 0-1: Foul Ball, location: 2F 0-2: Fielders Choice at 2nd, 6-4 (Groundball, 6M, EV 103.1 MPH) Carlos Murillo to third
|
|
Batting: RHB Benedikt Fleischmann
|
0-0: Ball 1-0: Reached on error, E2 (Groundball, 2R, EV 75.0 MPH) Carlos Murillo scores Hidesuke Yoshida to third
|
|
Batting: RHB Juan Carrillo
|
0-0: Ball 1-0: Ground out 5-3 (Groundball, 25, EV 79.4 MPH)
|
|
Batting: RHB Xavier Reeves
|
0-0: Ball 1-0: Ball 2-0: Ball 3-0: Called Strike 3-1: Base on Balls
|
|
Batting: RHB Angel Melendez
|
0-0: Called Strike 0-1: Ball 1-1: Swinging Strike 1-2: SINGLE (Groundball, 56D, EV 100.0 MPH) Hidesuke Yoshida scores Benedikt Fleischmann to third Xavier Reeves to second Runner from 3rd tries for Home, SAFE, throw by LF to home
|
|
Batting: RHB Issac Konol
|
0-0: Called Strike 0-1: Foul Ball, location: 2F 0-2: Ball 1-2: Ball 2-2: Ground out 3-1 (Groundball, 34S, EV 76.9 MPH)
|
| Bottom of the 3rd over - 3 runs, 2 hits, 1 error, 2 left on base; Fresno State University 1 - UCLA 3 |
| TOP OF THE 4TH |
|
Fresno State University Bulldogs batting - Pitching for UCLA Bruins : LHP Joe Landgraff
|
|
Batting: RHB Adam Angeles
|
0-0: Ball 1-0: Ground out 5-3 (Groundball, 56S, EV 68.1 MPH)
|
|
Batting: LHB Chris Viehman
|
0-0: Fly out, F8 (Line Drive, 8LD, EV 96.9 MPH)
|
|
Batting: LHB Kevin Feldman
|
0-0: Swinging Strike 0-1: Called Strike 0-2: Foul Ball, location: 2F 0-2: Strikes out swinging
|
| Top of the 4th over - 0 runs, 0 hits, 0 errors, 0 left on base; Fresno State University 1 - UCLA 3 |
| BOTTOM OF THE 4TH |
|
UCLA Bruins batting - Pitching for Fresno State University Bulldogs : RHP Manny Ojeda
|
|
Batting: RHB Roman Lauder
|
0-0: Swinging Strike 0-1: SINGLE (Groundball, 34D, EV 97.5 MPH)
|
|
Batting: RHB Carlos Murillo
|
0-0: Swinging Strike 0-1: Foul Ball, location: 2F 0-2: Ball Wild Pitch! Roman Lauder to second 1-2: Ball 2-2: Ground out 4-3 (Groundball, 4, EV 76.9 MPH) Roman Lauder to third
|
|
Batting: LHB Bill Helmer
|
0-0: Ball 1-0: Ball 2-0: Ball 3-0: Called Strike 3-1: Swinging Strike 3-2: SINGLE (Groundball, 4MD, EV 99.4 MPH) Roman Lauder scores
|
|
Batting: RHB Hidesuke Yoshida
|
0-0: Foul Ball, location: 2F 0-1: Ball 1-1: Ball 2-1: DOUBLE (Groundball, 5L, EV 108.8 MPH) Bill Helmer to third Runner from 3rd tries for Home, SAFE, throw by LF to trailing runner, OUT at third! 7-3-5
|
|
Batting: RHB Benedikt Fleischmann
|
0-0: Ground out 4-3 (Groundball, 4M, EV 100.6 MPH)
|
| Bottom of the 4th over - 2 runs, 3 hits, 0 errors, 0 left on base; Fresno State University 1 - UCLA 5 |
| TOP OF THE 5TH |
|
Fresno State University Bulldogs batting - Pitching for UCLA Bruins : LHP Joe Landgraff
|
|
Batting: SHB Mike Fermin
|
0-0: Ball 1-0: Fly out, F4 (Flyball, 34D, EV 91.2 MPH)
|
|
Batting: RHB Javier Brizuela
|
0-0: Ground out 6-3 (Groundball, 6, EV 86.9 MPH)
|
|
Batting: LHB Troy Jones
|
0-0: Called Strike 0-1: Ball 1-1: DOUBLE (Line Drive, 9LM, EV 103.1 MPH)
|
|
Batting: RHB Jaquan Brown
|
0-0: Ball 1-0: SINGLE (Groundball, 4M, EV 106.2 MPH) (infield hit) Troy Jones to third
|
|
Batting: RHB Dou-wan Pan
|
0-0: Fly out, F3 (Line Drive, 3L, EV 62.5 MPH)
|
| Top of the 5th over - 0 runs, 2 hits, 0 errors, 2 left on base; Fresno State University 1 - UCLA 5 |
| BOTTOM OF THE 5TH |
|
UCLA Bruins batting - Pitching for Fresno State University Bulldogs : RHP Manny Ojeda
|
|
Batting: RHB Juan Carrillo
|
0-0: Ball 1-0: Swinging Strike 1-1: Called Strike 1-2: DOUBLE (Line Drive, 9LM, EV 95.0 MPH)
|
|
Batting: RHB Xavier Reeves
|
0-0: Ball 1-0: Foul Ball, location: 2F 1-1: Ball 2-1: Swinging Strike 2-2: DOUBLE (Flyball, 78D, EV 94.4 MPH) Juan Carrillo scores
|
|
Pitching: LHP Berry Caron
|
|
|
Batting: RHB Angel Melendez
|
0-0: Ball 1-0: Ball 2-0: Ball 3-0: Called Strike 3-1: Called Strike 3-2: Base on Balls
|
|
Batting: RHB Issac Konol
|
0-0: Called Strike 0-1: Ball 1-1: SINGLE (Line Drive, 8RS, EV 93.1 MPH) Xavier Reeves to third Angel Melendez to second Runner from 3rd tries for Home, SAFE, throw by CF to home
|
|
Batting: RHB Roman Lauder
|
0-0: Ball 1-0: Fly out, F7 (Flyball, 7, EV 84.4 MPH)
|
|
Batting: RHB Carlos Murillo
|
0-0: Swinging Strike 0-1: Foul Ball, location: 2F 0-2: Ball 1-2: Strikes out looking
|
|
Batting: LHB Bill Helmer
|
0-0: Ball 1-0: Ball 2-0: Foul Ball, location: 2F 2-1: Fly out, F7 (Flyball, 7LSF, EV 87.5 MPH)
|
| Bottom of the 5th over - 2 runs, 3 hits, 0 errors, 2 left on base; Fresno State University 1 - UCLA 7 |
| TOP OF THE 6TH |
|
Fresno State University Bulldogs batting - Pitching for UCLA Bruins : LHP Joe Landgraff
|
|
Batting: RHB Homer Petropoulos
|
0-0: Swinging Strike 0-1: Foul Ball, location: 2F 0-2: Ball 1-2: Strikes out swinging, 2-3 out at first.
|
|
Batting: RHB Adam Angeles
|
0-0: Fly out, F8 (Line Drive, 8LM, EV 95.0 MPH)
|
|
Batting: LHB Chris Viehman
|
0-0: Ball 1-0: Foul Ball, location: 2F 1-1: Ball 2-1: Foul Ball, location: 2F 2-2: Strikes out swinging
|
| Top of the 6th over - 0 runs, 0 hits, 0 errors, 0 left on base; Fresno State University 1 - UCLA 7 |
| BOTTOM OF THE 6TH |
|
UCLA Bruins batting - Pitching for Fresno State University Bulldogs : LHP Berry Caron
|
|
Batting: RHB Hidesuke Yoshida
|
0-0: Foul Ball, location: 2F 0-1: Ball 1-1: Called Strike 1-2: Foul Ball, location: 2F 1-2: SINGLE (Groundball, 56D, EV 99.4 MPH)
|
|
Pitching: LHP Randy Latendresse
|
|
|
Batting: RHB Benedikt Fleischmann
|
0-0: Ball 1-0: Ball 2-0: Foul Ball, location: 2F 2-1: Fly out, F8 (Line Drive, 8LM, EV 92.5 MPH)
|
|
Batting: RHB Juan Carrillo
|
Pickoff Throw to First - Error! E1 Hidesuke Yoshida to second 0-0: Ball 1-0: Ball 2-0: Called Strike 2-1: Foul Ball, location: 2F 2-2: Foul Ball, location: 2F 2-2: Foul Ball, location: 2F 2-2: Ball 3-2: Base on Balls
|
|
Batting: RHB Xavier Reeves
|
0-0: Called Strike 0-1: 3-RUN HOME RUN (Flyball, 78XD, EV 115.0 MPH), Distance : 429 ft
|
|
Batting: RHB Angel Melendez
|
0-0: Called Strike 0-1: Ball 1-1: SINGLE (Line Drive, 89S, EV 93.1 MPH)
|
|
Batting: RHB Issac Konol
|
0-0: Called Strike 0-1: Ball 1-1: Ball 2-1: Ball 3-1: Swinging Strike 3-2: Base on Balls Angel Melendez to second
|
|
Pitching: RHP Paul Holder
|
|
|
Batting: RHB Roman Lauder
|
0-0: Foul Ball, location: 2F 0-1: Ball 1-1: Foul Ball, location: 2F 1-2: Ball 2-2: Foul Ball, location: 2F 2-2: Ball 3-2: Base on Balls Angel Melendez to third Issac Konol to second
|
|
Batting: RHB Carlos Murillo
|
0-0: Fly out, F3 (Line Drive, 3L, EV 64.4 MPH)
|
|
Batting: LHB Bill Helmer
|
0-0: Ball 1-0: DOUBLE (Line Drive, 9LM, EV 106.2 MPH) Angel Melendez scores Issac Konol scores Roman Lauder to third
|
|
Batting: RHB Hidesuke Yoshida
|
0-0: Swinging Strike 0-1: Ball 1-1: Swinging Strike 1-2: Strikes out swinging
|
| Bottom of the 6th over - 5 runs, 4 hits, 1 error, 2 left on base; Fresno State University 1 - UCLA 12 |
| TOP OF THE 7TH |
|
Fresno State University Bulldogs batting - Pitching for UCLA Bruins : LHP Joe Landgraff
|
|
Pinch Hitting: RHB Andy Villarreal
|
0-0: Ball 1-0: Called Strike 1-1: Called Strike 1-2: Ball 2-2: Ground out 4-3 (Groundball, 4, EV 87.5 MPH)
|
|
Batting: SHB Mike Fermin
|
0-0: Ball 1-0: Foul Ball, location: 2F 1-1: SOLO HOME RUN (Flyball, 78XD, EV 105.0 MPH), Distance : 422 ft
|
|
Batting: RHB Javier Brizuela
|
0-0: Ball 1-0: Called Strike 1-1: SINGLE (Groundball, 56, EV 96.9 MPH)
|
|
Batting: LHB Troy Jones
|
0-0: Fielders Choice at 2nd, 6-4 (Groundball, 6, EV 80.6 MPH)
|
|
Batting: RHB Jaquan Brown
|
0-0: SINGLE (Groundball, 56D, EV 96.9 MPH) Troy Jones to second
|
|
Batting: RHB Dou-wan Pan
|
0-0: Called Strike 0-1: Ground out 5-3 (Groundball, 5S, EV 72.5 MPH)
|
| Top of the 7th over - 1 run, 3 hits, 0 errors, 2 left on base; Fresno State University 2 - UCLA 12 |
| BOTTOM OF THE 7TH |
|
UCLA Bruins batting - Pitching for Fresno State University Bulldogs : RHP Paul Holder
|
|
Now in LF: Andy Villarreal
|
|
|
Batting: RHB Benedikt Fleischmann
|
0-0: Ground out 5-3 (Groundball, 56S, EV 82.5 MPH)
|
|
Batting: RHB Juan Carrillo
|
0-0: Ground out 3-1 (Groundball, 34, EV 83.8 MPH)
|
|
Batting: RHB Xavier Reeves
|
0-0: Swinging Strike 0-1: Ball 1-1: Ground out 4-3 (Groundball, 4, EV 83.1 MPH)
|
| Bottom of the 7th over - 0 runs, 0 hits, 0 errors, 0 left on base; Fresno State University 2 - UCLA 12 |
| TOP OF THE 8TH |
|
Fresno State University Bulldogs batting - Pitching for UCLA Bruins : LHP Joe Landgraff
|
|
Batting: RHB Homer Petropoulos
|
0-0: Ball 1-0: Called Strike 1-1: Ground out 4-3 (Groundball, 34, EV 104.4 MPH)
|
|
Batting: RHB Adam Angeles
|
0-0: Ball 1-0: Foul Ball, location: 2F 1-1: Ball 2-1: Ball 3-1: Swinging Strike 3-2: Foul Ball, location: 2F 3-2: Base on Balls
|
|
Batting: LHB Chris Viehman
|
0-0: Swinging Strike 0-1: DOUBLE (Line Drive, 78D, EV 99.4 MPH) Adam Angeles to third
|
|
Batting: RHB Andy Villarreal
|
0-0: Ball 1-0: Called Strike 1-1: Fly out, F5 (Popup, 25F, EV 83.1 MPH)
|
|
Batting: SHB Mike Fermin
|
0-0: Ball 1-0: Foul Ball, location: 2F 1-1: Ball 2-1: Foul Ball, location: 2F 2-2: Strikes out swinging
|
| Top of the 8th over - 0 runs, 1 hit, 0 errors, 2 left on base; Fresno State University 2 - UCLA 12 |
| BOTTOM OF THE 8TH |
|
UCLA Bruins batting - Pitching for Fresno State University Bulldogs : RHP Paul Holder
|
|
Pitching: LHP Omar Nogueira
|
|
|
Batting: RHB Angel Melendez
|
0-0: Ball 1-0: Foul Ball, location: 2F 1-1: Foul Ball, location: 2F 1-2: Foul Ball, location: 2F 1-2: Ball 2-2: Foul Ball, location: 2F 2-2: Ball 3-2: Foul Ball, location: 2F 3-2: Base on Balls
|
|
Batting: RHB Issac Konol
|
0-0: Ball 1-0: Ball 2-0: Ball 3-0: Called Strike 3-1: Foul Ball, location: 2F 3-2: Fly out, F8 (Line Drive, 8RM, EV 97.5 MPH)
|
|
Batting: RHB Roman Lauder
|
0-0: Called Strike 0-1: Ball 1-1: Ball 2-1: Foul Ball, location: 2F 2-2: SINGLE (Groundball, 56, EV 93.8 MPH) Angel Melendez to second
|
|
Pitching: RHP Al Nava
|
|
|
Batting: RHB Carlos Murillo
|
0-0: Called Strike 0-1: Ball 1-1: Ball 2-1: Foul Ball, location: 2F 2-2: Fielders Choice at 2nd, 3-6 (Groundball, 34S, EV 78.8 MPH) Angel Melendez to third
|
|
Batting: LHB Bill Helmer
|
0-0: Ball 1-0: Ball 2-0: Ball 3-0: Base on Balls Carlos Murillo to second
|
|
Batting: RHB Hidesuke Yoshida
|
0-0: Ball 1-0: Called Strike 1-1: Ball 2-1: Foul Ball, location: 2F 2-2: Ball 3-2: Base on Balls Angel Melendez scores Carlos Murillo to third Bill Helmer to second
|
|
Pinch Hitting: RHB Michael Alvarado
|
0-0: Foul Ball, location: 2F 0-1: Ball 1-1: Ball 2-1: Swinging Strike 2-2: Foul Ball, location: 2F 2-2: Foul Ball, location: 2F 2-2: Ground out 4-3 (Groundball, 4, EV 93.8 MPH)
|
| Bottom of the 8th over - 1 run, 1 hit, 0 errors, 3 left on base; Fresno State University 2 - UCLA 13 |
| TOP OF THE 9TH |
|
Fresno State University Bulldogs batting - Pitching for UCLA Bruins : LHP Joe Landgraff
|
|
Now in RF: Scott Mullett
|
|
|
Pinch Hitting: RHB John Carpenter
|
0-0: SINGLE (Flyball, 7LM, EV 104.4 MPH) - OUT at second base trying to stretch hit.
|
|
Pinch Hitting: LHB Ricardo Sandoval
|
0-0: Ball 1-0: Ball 2-0: Ball 3-0: Base on Balls
|
|
Batting: RHB Jaquan Brown
|
0-0: Ball Wild Pitch! Ricardo Sandoval to second 1-0: Ball 2-0: Called Strike 2-1: DOUBLE (Flyball, 8LXD, EV 88.1 MPH) Ricardo Sandoval scores
|
|
Batting: RHB Dou-wan Pan
|
0-0: Called Strike 0-1: Ball 1-1: Fly out, F8 (Flyball, 8RM, EV 88.1 MPH)
|
|
Batting: RHB Homer Petropoulos
|
0-0: Ball 1-0: Foul Ball, location: 2F 1-1: Ball 2-1: Ball 3-1: Swinging Strike 3-2: Ground out U3 (Groundball, 23, EV 81.2 MPH)
|
| Top of the 9th over - 1 run, 2 hits, 0 errors, 1 left on base; Fresno State University 3 - UCLA 13 |
|